 Dungeon Crawl Stone Soup version 0.13.1-20-gf50ca03 (webtiles) character file.

456 Nicoed the Covered (level 6, 0/53 HPs)
             Began as a Minotaur Fighter on Dec 30, 2013.
             Was an Initiate of Okawaru.
             Slain by an orc
             ... wielding a -1,+0 orcish flail
              (6 damage)
             ... on Level 4 of the Dungeon.
             The game lasted 00:10:23 (2648 turns).

Nicoed the Covered (Minotaur Fighter)               Turns: 2648, Time: 00:10:23

HP   0/53        AC  7     Str 23      XL: 6   Next:  9%
MP   2/2         EV  8     Int  5      God: Okawaru [......]
Gold 168         SH 20     Dex  9      Spells:  0 memorised,  5 levels left

Res.Fire  : . . .   See Invis. : .   m - -2 orc hand axe (curse)
Res.Cold  : . . .   Warding    : .   p - +1 dwarf ring mail
Life Prot.: . . .   Conserve   : .   c - +0 shield
Res.Poison: .       Res.Corr.  : .   (helmet restricted)
Res.Elec. : .       Clarity    : .   (no cloak)
Sust.Abil.: . .     Spirit.Shd : .   (no gloves)
Res.Mut.  : .       Stasis     : .   (no boots)
Res.Rott. : .       Flight     : .   (no amulet)
Saprovore : . . .                    (no ring)
                                     (no ring)

@: slightly resistant to hostile enchantments, extremely unstealthy
A: retaliatory headbutt, horns 2
a: Renounce Religion


You were on level 4 of the Dungeon.
You worshipped Okawaru.
Okawaru was noncommittal.
You were full.

You visited 1 branch of the dungeon, and saw 4 of its levels.

You collected 148 gold pieces.

Inventory:

Hand weapons
 a - a +0,+1 orcish war axe
 m - a cursed -2,-2 orcish hand axe (weapon)
Armour
 c - a +0 shield (worn)
 p - a +1 dwarven ring mail (worn)
Comestibles
 d - 3 bread rations
 f - a rambutan
 i - 2 meat rations
Scrolls
 e - 2 scrolls of remove curse {unknown}
 h - a scroll of teleportation {unknown}
 j - 2 scrolls of curse weapon {unknown}
 k - a scroll of magic mapping {unknown}
 l - a scroll of recharging {unknown}
 n - a scroll of fear {unknown}
Jewellery
 o - a cursed -3 ring of protection {unknown}


   Skills:
 + Level 4.6 Fighting
 + Level 3.6 Axes
 + Level 5.2 Armour
 + Level 2.7 Dodging
 + Level 5.0 Shields


You had 5 spell levels left.
You didn't know any spells.

Dungeon Overview and Level Annotations

Branches:
Dungeon (4/27)
 Temple: D:4-7

Altars:
Okawaru
Zin

Shops:
D:3 *


Innate Abilities, Weirdness & Mutations

You reflexively headbutt those who attack you in melee.
You have a pair of horns on your head.


Message History

Your experience leads to an increase in your attributes!
Increase (S)trength, (I)ntelligence, or (D)exterity?
You feel stronger.
You start resting.
An orc comes into view. It is wielding an orcish flail.
You continue eating.
You finish eating.
That meat ration really hit the spot!
You hit the orc but do no damage. The orc closely misses you.
You furiously retaliate!
You headbutt the orc, but do no damage. You hit the orc.
Your headbutt misses the orc.
The orc is moderately wounded.
The orc barely misses you.
You closely miss the orc.
The orc is moderately wounded.
The orc hits you with an orcish flail.
* * * LOW HITPOINT WARNING * * *
You closely miss the orc. Your headbutt misses the orc.
The orc is moderately wounded.
The orc hits you with an orcish flail.
You die...

#......# #.# #....
#......# #.# #....
##......# #.#
#.... ....?....#
#.# #.... #.#
#.#####....
#.######..........
#......[..########
#o........#
#@........#
#.........#
#######.........#
.................#
#################


You could see an orc.

Vanquished Creatures
  2 orc priests (D:3)
  2 iguanas (D:4)
  5 adders
  A giant mite (D:1)
  A worm (D:3)
  5 giant geckos
  An ooze (D:3)
  11 orcs (D:3)
  2 giant cockroaches
  6 hobgoblins
  15 jackals
  2 training dummies (D:2)
  A ball python (D:2)
  12 bats
  4 giant newts
  14 goblins
  10 kobolds
  14 rats
108 creatures vanquished.

Notes
Turn   | Place    | Note
--------------------------------------------------------------
     0 | D:1      | Nicoed, the Minotaur Fighter, began the quest for the Orb.
     0 | D:1      | Reached XP level 1. HP: 19/19 MP: 0/0
    34 | D:1      | Reached skill level 4 in Armour
    42 | D:1      | Reached XP level 2. HP: 15/26 MP: 0/0
   373 | D:1      | Reached XP level 3. HP: 29/33 MP: 1/1
   763 | D:2      | Found an iron altar of Okawaru.
   771 | D:2      | Became a worshipper of Warmaster Okawaru
  1025 | D:2      | Reached skill level 1 in Dodging
  1058 | D:2      | Reached XP level 4. HP: 32/40 MP: 1/1
  1173 | D:3      | Found Zin's Purification Station.
  1177 | D:3      | Found a glowing silver altar of Zin.
  1282 | D:3      | Reached XP level 5. HP: 32/46 MP: 1/1
  1532 | D:3      | HP: 2/46 [orc priest/divine providence (12)]
  2043 | D:3      | Reached skill level 5 in Armour
  2621 | D:4      | Reached skill level 5 in Shields
  2621 | D:4      | Reached XP level 6. HP: 5/53 MP: 2/2
  2648 | D:4      | Slain by an orc

Action                   |  1- 3 |  4- 6 || total
-------------------------+-------+-------++-------
Melee: Hand axe          |   126 |   158 ||   284
  Use: Potion            |       |     5 ||     5
       Scroll            |       |     1 ||     1
